 Dungeon Crawl Stone Soup version 0.30.1-11-g7821555f0a (webtiles) character file.

Game seed: 6344493695560572499

70 Redtiger2211 the Slasher (level 4, 0/40 HPs)
             Began as a Minotaur Fighter on Nov 11, 2023.
             Succumbed to an orc's poison
             ... on level 4 of the Dungeon.
             The game lasted 00:08:18 (2808 turns).

Redtiger2211 the Slasher (Minotaur Fighter)         Turns: 2808, Time: 00:08:19

Health: 0/40       AC:  8    Str: 22    XL:     4   Next: 4%
Magic:  3/3        EV:  9    Int:  5    God:
Gold:   215        SH:  4    Dex: 10    Spells: 3/3 levels left

rFire   . . .        a - +0 long sword
rCold   . . .        c - +0 buckler
rNeg    . . .        b - +0 scale mail
rPois   .            (helmet restricted)
rElec   .            (no cloak)
rCorr   .            (no gloves)
SInv    .            h - +0 pair of boots
Will    .....        (no amulet) Stlth
                     (no ring)
HPRegen 0.26/turn    (no ring)
MPRegen 0.08/turn

%: no passive effects
@: lethally poisoned (0 -> -4)
A: horns 2, retaliatory headbutt
a: no special abilities


You were on level 4 of the Dungeon.
You visited 1 branch of the dungeon, and saw 4 of its levels.

You collected 215 gold pieces.

Inventory:

Hand Weapons
 a - a +0 long sword (weapon)
 p - a +0 sling
Missiles
 j - 25 stones
Armour
 b - a +0 scale mail (worn)
 c - a +0 buckler (worn)
 h - a +0 pair of boots (worn)
 m - a +0 ring mail
Magical Staves
 l - a staff of death
Wands
 n - a wand of light (8) (quivered)
Scrolls
 e - 3 scrolls of identify
 k - a scroll of poison
Potions
 d - a potion of might
 f - a potion of brilliance
 g - a potion of invisibility
 i - a potion of curing


   Skills:
 - Level 4.0 Fighting
 + Level 4.3 Long Blades
 - Level 4.0 Armour
 - Level 4.0 Shields


You had 3 spell levels left.
You didn't know any spells.
Your spell library contained the following spells:

 Spells                   Type           Power      Damage    Failure   Level
 Static Discharge         Conj/Air       0%         2-2/arc   94%         2
 Airstrike                Air            0%         2d(0-16)  100%        4
 Summon Lightning Spire   Summ/Air       0%         N/A       100%        4


Dungeon Overview and Level Annotations

Branches:
Dungeon (4/15)
 Temple: D:4-7

Altars:

Shops:
D:2 :

Annotations:
D:4 Sigmund


Innate Abilities, Weirdness & Mutations

You have a pair of horns on your head.
You reflexively headbutt those who attack you in melee.


Message History

You hear a zap.
A puff of flame appears from out of thin air!
The puff of flame hits you.
Aiming: Bolt of Light
Press: ? - help, Shift-Dir - straight line The bolt of light hits something!
Unknown command.
An orc comes into view. It is wielding a +1 war axe of venom.
The orc shouts!
You barely miss the orc. The orc hits you but does no damage.
You hit the orc.
The orc is lightly wounded.
You hear the slow rusting of a drain nearby.
The orc hits you but does no damage.
You hit the orc.
The orc is severely wounded.
The orc hits you with a +1 war axe of venom.
You are poisoned.
You closely miss the orc.
The orc is severely wounded.
You feel very sick.
The orc hits you with a +1 war axe of venom.
You are lethally poisoned!
You hit the orc.
You kill the orc!
* * * LOW HITPOINT WARNING * * *
You feel very sick.
You hear some strange, mumbled words.
Something tries to affect you, but you resist.
* * * LOW HITPOINT WARNING * * *
You feel very sick.
Things that are here:
a +1 war axe of venom; a +0 ring mail; an orc corpse
* * * LOW HITPOINT WARNING * * *
You feel very sick.
* * * LOW HITPOINT WARNING * * *
You feel sick.
* * * LOW HITPOINT WARNING * * *
You feel sick.
You die...

#........?#
#.#######.#
#.#.....#.#
#.##.##.#.#
#.##....#.#
#.####..#.#
#....@.<#.#
##########.#
+....@...).#
############


There were no monsters in sight!

Vanquished Creatures
  2 adders (D:2)
  3 dart slugs
  An orc (D:4)
  7 endoplasms
  3 giant cockroaches
  4 goblins
  2 hobgoblins
  4 jackals (D:3)
  2 quokkas
  6 ball pythons
  3 bats
  A kobold (D:3)
  2 rats
40 creatures vanquished.

Notes
Turn   | Place    | Note
-------+----------+-------------------------------------------
     0 | D:1      | Redtiger2211 the Minotaur Fighter began the quest for the
                  | Orb.
     0 | D:1      | Reached XP level 1. HP: 19/19 MP: 0/0
   424 | D:1      | You fall into a shaft and drop 1 floor!
   474 | D:2      | Reached XP level 2. HP: 27/27 MP: 1/1
   629 | D:2      | Reached XP level 3. HP: 23/33 MP: 2/2
   763 | D:2      | Found Odwewuck's Book Boutique.
  1832 | D:3      | Reached XP level 4. HP: 40/40 MP: 3/3
  2754 | D:4      | Noticed Sigmund
  2806 | D:4      | HP: 2/40 [poisoned by an orc]
  2808 | D:4      | Succumbed to an orc's poison

Illustrated notes

Levels and vault maps discovered:
D:1:      noname_arrival_rooms_in_the_neighbourhood, layout_basic,
          chequers_serial_rivers_room_b
D:2:      layout_loops_ring, serial_glass, glass_columns_a, glass_columns_c,
          serial_shops, shop, minmay_misc_feat_enclosed, wad_floor_pattern_2
D:3:      layout_basic
D:4:      layout_basic, grunt_temple_overflow_bloody_war,
          gup_sewer_entry_spiral, serial_shops, nicolae_shop_waterfront, shop,
          nicolae_shop_hallway_stairs, shop_fountains, kennysheep_little_box,
          uniq_sigmund

Skill      XL: |  1  2  3 |
---------------+----------+-----
Shields        | 4 |  4.0
Fighting       | 4 |  4.0
Armour         | 4 |  4.0
Long Blades    | 3 4 |  4.3

Action                     |  1- 3 |  4- 6 || total
---------------------------+-------+-------++-------
  Melee: Long sword        |   104 |     5 ||   109
         Headbutt          |    12 |       ||    12
  Evoke: Wand              |       |     1 ||     1
    Use: Scroll            |     4 |     1 ||     5
         Potion            |       |     1 ||     1
   Stab: Distracted        |     1 |       ||     1
 Armour: Scale mail        |    66 |     2 ||    68
  Dodge: Dodged            |    50 |     2 ||    52
  Block: Buckler           |    24 |       ||    24
